 Dungeon Crawl Stone Soup version 0.27.0-1-g7a089689b8 (webtiles) character file.

Game seed: 4339386538308623624

228 theswoord the Twirler (level 5, -2/38 HPs)
             Began as a Demonspawn Gladiator on Aug 8, 2021.
             Slain by a black bear (11 damage)
             ... on level 3 of the Dungeon.
             The game lasted 00:03:12 (2924 turns).

theswoord the Twirler (Demonspawn Gladiator)        Turns: 2924, Time: 00:03:13

Health: -2/38      AC:  7    Str: 15    XL:     5   Next: 71%
Magic:  5/5        EV: 10    Int:  9    God:
Gold:   117        SH:  0    Dex: 15    Spells: 4/4 levels left

rFire    . . .     SeeInvis .   a - +0 quarterstaff
rCold    . . .     Faith    .   (shield currently unavailable)
rNeg     . . .     Spirit   .   k - +1 scale mail
rPois    .         Reflect  .   (helmet restricted)
rElec    .         Harm     .   (no cloak)
rCorr    .         Rampage  .   (no gloves)
Will     .....                  (no boots)
Stlth    ..........             (no amulet)
HPRegen  0.12/turn              (no ring)
MPRegen  0.09/turn              (no ring)

@: hasted, very quick
A: antennae 1, spiny 1
a: no special abilities


You were on level 3 of the Dungeon.
You visited 1 branch of the dungeon, and saw 4 of its levels.

You collected 117 gold pieces.

Inventory:

Hand Weapons
 a - a +0 quarterstaff (weapon)
Missiles
 d - 3 throwing nets (quivered)
Armour
 b - a +0 leather armour
 c - a +0 helmet
 k - a +1 scale mail (worn)
Scrolls
 f - a scroll of enchant armour
 i - 5 scrolls of fog
Potions
 e - a potion of curing
 g - a potion of haste
 h - a potion of berserk rage {unknown}
 l - a potion of heal wounds {unknown}


   Skills:
 - Level 2.0 Fighting
 + Level 5.9 Staves
 - Level 1.7 Throwing
 - Level 2.6 Dodging


You had 4 spell levels left.
You didn't know any spells.
Your spell library was empty.

Dungeon Overview and Level Annotations

Branches:
Dungeon (4/15)
 Temple: D:4-7

Altars:

Annotations:
D:4 Grinder


Innate Abilities, Weirdness & Mutations

You have a pair of small antennae on your head.
You are partially covered in sharp spines.


Message History

* * * LOW HITPOINT WARNING * * *
The black bear claws you but does no damage. x2
You completely miss the black bear.
The black bear is lightly wounded.
You barely miss the black bear.
The black bear is lightly wounded.
The black bear is struck by your spines.
The black bear closely misses you. The black bear completely misses you.
The black bear claws you but does no damage.
You closely miss the black bear.
The black bear is moderately wounded.
The black bear bites you but does no damage.
The black bear closely misses you. The black bear barely misses you.
You feel better.
You hit the black bear.
The black bear is moderately wounded.
The black bear bites you.
* * * LOW HITPOINT WARNING * * *
The black bear barely misses you.
The black bear claws you but does no damage.
You barely miss the black bear.
The black bear is moderately wounded.
The black bear bites you.
* * * LOW HITPOINT WARNING * * *
The black bear claws you but does no damage. x2
You hit the black bear.
The black bear is heavily wounded.
The black bear bites you.
* * * LOW HITPOINT WARNING * * *
The black bear claws you but does no damage. x2
You hit the black bear.
The black bear is severely wounded.
You sock the black bear!
The black bear is almost dead.
The black bear goes berserk!
You hit the black bear but do no damage.
The black bear is almost dead.
The black bear is struck by your spines.
The black bear bites you!
You die...

#######.............
###
#.......############
##)## #.#######
##........
##...###.#
##.###.####
##.....##.#### #.##
##.# #............#
#.# #.#
##.....##....# #.##
##.# ##...#####.h#
##.###.## ##.##
#@.#######...## #.#
#..........#.# #.#
#.#########..# #.#
#.# ##.### #.# #.#
#...# ######.### #.#
####++### #........#
#.# ##≈≈≈..≈≈≈
####....>.#<# #.#
##≈≈......≈
...†.######.## #.#
##≈≈...≈≈...


You could see a black bear (berserk).

Vanquished Creatures
  A water moccasin skeleton (D:2)
  A hound (D:4)
  An orc wizard (D:3)
  4 adders
  An adder skeleton (D:4)
  2 worms (D:2)
  A dart slug (D:1)
  4 orcs (D:3)
  6 bats
  5 endoplasms
  3 giant cockroaches
  4 goblins
  9 hobgoblins
  2 jackals (D:2)
  3 quokkas (D:1)
  8 ball pythons
  2 frilled lizards
  7 kobolds
  11 rats
75 creatures vanquished.

Notes
Turn   | Place    | Note
-------+----------+-------------------------------------------
     0 | D:1      | theswoord the Demonspawn Gladiator began the quest for the
                  | Orb.
     0 | D:1      | Reached XP level 1. HP: 16/16 MP: 1/1
    44 | D:1      | Reached skill level 3 in Staves
   117 | D:1      | Gained mutation: You are partially covered in sharp spines.
                  | [demonic ancestry]
   117 | D:1      | Reached XP level 2. HP: 20/22 MP: 2/2
   667 | D:1      | Reached XP level 3. HP: 27/27 MP: 3/3
   870 | D:1      | Reached skill level 4 in Staves
   913 | D:1      | Found a faded altar of an unknown god.
  1098 | D:2      | Gained mutation: You have a pair of small antennae on your
                  | head. [demonic ancestry]
  1098 | D:2      | Reached XP level 4. HP: 26/33 MP: 4/4
  1680 | D:2      | Reached skill level 5 in Staves
  2174 | D:3      | Reached XP level 5. HP: 38/38 MP: 5/5
  2884 | D:4      | Noticed Grinder
  2891 | D:4      | Paralysed by Grinder for 6 turns
  2900 | D:4      | Paralysed by Grinder for 5 turns
  2903 | D:4      | Noticed a black bear
  2924 | D:3      | Slain by a black bear

Skill      XL: |  1  2  3  4 |
---------------+-------------+-----
Staves         | 3 4 5 |  5.9
Fighting       | |  2.0
Throwing       | |  1.7
Dodging        | |  2.6

Action                   |  1- 3 |  4- 6 || total
-------------------------+-------+-------++-------
Melee: Quarterstaff      |    68 |    85 ||   153
  Use: Scroll            |     4 |     4 ||     8
       Potion            |       |     3 ||     3
 Stab: Sleeping          |     1 |       ||     1
Armor: Leather armour    |    10 |     9 ||    19
       Scale mail        |       |    28 ||    28
Dodge: Dodged            |    42 |    44 ||    86

Levels and vault maps discovered:
D:1:      dpeg_arrival_ratfight, layout_loops_corners,
          hellmonk_ecumenical_altar_inner_sanctum, minmay_fountain_box,
          serial_park_tiny_pond
D:2:      layout_loops_cross, minmay_tetromino_o2
D:3:      layout_loops_ring, kennysheep_cross_room
D:4:      layout_cave_pools, uniq_grinder
